AoeStats
← v_nico

Black Forest

509168517Analyzed
3v3 RM · 6d ago on Sep 25, 2026· 46m 47s· 6 players
Game mode
Random Map
Map size
Normal (6 player)
Population
200
Speed
Normal
Resources
Standard
Victory
Conquest
Starting age
Dark Age
Ending age
Imperial Age
RankedLock teamsTeams togetherTeam positionsShared explorationLock speedFull tech treeHidden civsTurbo modeCheats
Victory
Defeat
🇦🇷 Mongols · Argentina
1020
+11
🇦🇷 Khmer · Argentina
881
+17
🇦🇷 Byzantines · Argentina
867
+17
🇫🇷 Franks · France
1000
-59
🇫🇷 Maya · France
938
-34
🇫🇷 Mongols · France
750
-9
maxitotor
10:58 Feudal Age
11:53 Horse Collar
12:35 Man-at-Arms
13:39 Double-Bit Axe
16:31 Forging
16:25 Gold Mining
21:37 Castle Age
21:21 Scale Mail Armor
21:26 Stone Mining
22:10 Padded Archer Armor
22:25 Thumb Ring
22:59 Bow Saw
23:07 Heavy Plow
24:40 Pikeman
26:28 Squires
28:49 Stone Shaft Mining
28:51 Chain Mail Armor
28:00 Long Swordsman
28:06 Elite Skirmisher
31:02 Caravan
31:30 Arson
31:34 Town Watch
32:25 Wheelbarrow
32:21 Leather Archer Armor
35:20 Hand Cart
36:43 Town Patrol
37:25 Hul'che Javelineers
42:03 Imperial Age
41:05 Iron Casting
40:21 Fletching
42:20 Heated Shot
43:50 Blast Furnace
43:29 Hoardings
43:25 Holcans
42:40 Halberdier
43:05 Capped Ram
44:41 Coinage
44:33 Ballistics
44:04 Guard Tower
45:15 Chemistry
v_nico
10:54 Feudal Age
13:26 Double-Bit Axe
15:56 Horse Collar
16:46 Man-at-Arms
21:10 Castle Age
22:17 Man-at-Arms
24:15 Town Watch
24:50 Caravan
26:37 Wheelbarrow
26:32 Bow Saw
26:15 Stone Mining
26:18 Gold Mining
28:18 Pikeman
29:39 Heavy Plow
31:43 Thumb Ring
31:54 Elite Skirmisher
34:10 Ballistics
34:36 Stone Shaft Mining
35:01 Forging
34:41 Fletching
34:52 Padded Archer Armor
34:53 Scale Mail Armor
34:58 Scale Barding Armor
35:06 Fortified Wall
36:49 Hand Cart
41:25 Imperial Age
41:34 Elite Mangudai
46:40 Squires
46:01 Long Swordsman
46:26 Arson
46:04 Crossbowman
47:11 Parthian Tactics
46:44 Guard Tower
76LHVivi
14:37 Feudal Age
17:30 Wheelbarrow
17:56 Double-Bit Axe
18:02 Town Watch
24:19 Castle Age
24:42 Pikeman
25:22 Squires
30:24 Padded Archer Armor
30:15 Fletching
29:51 Crossbowman
30:59 Bow Saw
32:02 Stone Mining
33:44 Leather Archer Armor
34:13 Town Patrol
34:33 Hand Cart
35:00 Gold Mining
35:06 Loom
35:25 Bodkin Arrow
37:14 Caravan
37:58 Gold Shaft Mining
Machete
0:33 Loom
10:21 Feudal Age
9:11 Loom
16:29 Castle Age
14:46 Double-Bit Axe
15:27 Horse Collar
21:07 Wheelbarrow
22:14 Heavy Plow
23:25 Bow Saw
24:42 Gold Mining
24:45 Stone Mining
26:55 Hand Cart
26:26 Town Watch
29:10 Town Patrol
31:48 Gold Shaft Mining
31:53 Stone Shaft Mining
31:52 Forging
31:42 Scale Mail Armor
31:17 Pikeman
31:45 Arson
35:46 Imperial Age
35:22 Ballistics
36:33 Double Crossbow
36:15 Heavy Scorpion
37:29 Siege Engineers
38:26 Chemistry
37:07 Halberdier
38:18 Caravan
38:48 Coinage
TheMandalorian
4:12 Loom
16:50 Feudal Age
22:37 Castle Age
26:34 Forging
27:33 Scale Barding Armor
28:05 Horse Collar
31:12 Iron Casting
30:02 Elite Skirmisher
32:04 Double-Bit Axe
34:04 Wheelbarrow
34:22 Padded Archer Armor
35:52 Thumb Ring
36:27 Leather Archer Armor
37:55 Chain Barding Armor
37:28 Fletching
38:28 Hand Cart
38:40 Gold Mining
40:58 Husbandry
42:03 Bodkin Arrow
47:17 Imperial Age
45:30 Bow Saw
46:00 Gold Shaft Mining
[Pepe Saint] Nachorga
7:25 Loom
11:35 Feudal Age
12:52 Double-Bit Axe
12:48 Horse Collar
13:00 Gold Mining
13:01 Stone Mining
15:30 Castle Age
16:39 Bow Saw
16:30 Heavy Plow
22:47 Stone Mining
24:12 Wheelbarrow
26:31 Hand Cart
26:57 Town Watch
31:15 Imperial Age
28:38 Fletching
28:48 Padded Archer Armor
29:58 Caravan
29:56 Bodkin Arrow
30:12 Bloodlines
30:03 Husbandry
30:11 Thumb Ring
31:36 Leather Archer Armor
31:58 Bracer
32:23 Conscription
33:13 Ballistics
33:54 Chemistry
32:17 Elite Mangudai
33:33 Hoardings
34:57 Capped Ram
35:57 Siege Ram
39:11 Drill
38:56 Onager
41:15 Siege Engineers
41:20 Masonry
42:15 Scale Barding Armor
42:20 Forging
43:32 Chain Barding Armor
42:35 Light Cavalry
43:49 Hussar
45:06 Iron Casting
Connection lost

Rejoining the realm…

Still unreachable

The connection could not be restored.

Session expired

The server has moved on; the page needs a fresh start.